 Dungeon Crawl Stone Soup version 0.30-a0-596-g0af90f9a20 (webtiles) character file.

Game seed: 1455655017061441588

551 Demosthentine the Poker (level 7, -1/81 HPs)
             Began as a Demonspawn Gladiator on Jan 6, 2023.
             Slain by Splishie's ghost (4 damage)
             ... on level 4 of the Dungeon.
             The game lasted 00:04:13 (3822 turns).

Demosthentine the Poker (Demonspawn Gladiator)      Turns: 3822, Time: 00:04:14

Health: -1/81      AC: 23    Str: 17    XL:     7   Next: 7%
Magic:  7/7        EV:  2    Int:  9    God:
Gold:   194        SH:  0    Dex: 14    Spells: 6/6 levels left

rFire   . . .      SeeInvis .    a - +0 trident
rCold   . . .      Faith    .    (no shield)
rNeg    . . .      Spirit   .    (body armour currently unavailable)
rPois   +          Reflect  .    (helmet currently unavailable)
rElec   .          Harm     .    (cloak currently unavailable)
rCorr   .          Rampage  .    (gloves currently unavailable)
Will    .....      NoTele   +    (boots currently unavailable)
Stlth   +                        (no amulet)
HPRegen 0.33/turn                (no ring)
MPRegen 0.10/turn                (no ring)

@: brilliant, tree-form, invisible
A: stationary, stasis, torment immunity, boosted hp, powered by death 1, (spiny
1), (sharp scales 1), (weakness stinger 1)
a: no special abilities


You were on level 4 of the Dungeon.
You were a tree.
You visited 1 branch of the dungeon, and saw 4 of its levels.

You collected 194 gold pieces.

Inventory:

Hand Weapons
 a - a +0 trident (weapon)
Missiles
 d - a throwing net (quivered)
 e - a javelin
Armour
 b - a +0 leather armour (melded)
 c - a +1 helmet (melded)
 g - a +0 pair of boots (melded)
 m - a +0 cloak (melded)
 q - a +0 buckler
Jewellery
 r - a +6 ring of strength
Wands
 s - a wand of roots (6)
 t - a wand of light (3)
Scrolls
 h - a scroll of blinking
 k - a scroll of immolation
 o - 3 scrolls of teleportation
Potions
 i - 2 potions of haste
 j - 4 potions of curing


   Skills:
 + Level 4.0 Fighting
 + Level 4.2 Polearms
 - Level 2.0 Throwing
 + Level 3.0 Armour
 + Level 4.2 Dodging
 + Level 1.4 Shields


You had 6 spell levels left.
You didn't know any spells.
Your spell library contained the following spells:

 Spells                   Type           Power      Damage    Failure   Level
 Magic Dart               Conj           0%         1d3       38%         1
 Shock                    Conj/Air       0%         1d3       38%         1
 Blink                    Tloc           0%         N/A       52%         2
 Searing Ray              Conj           0%         2d4       52%         2
 Swiftness                Air            0%         N/A       77%         3
 Airstrike                Air            0%         2d(0-16)  99%         4
 Fulminant Prism          Conj/Hex       0%         3d5       99%         4
 Manifold Assault         Tloc           0%         N/A       99%         4
 Conjure Ball Lightning   Conj/Air       0%         3x3d6     100%        6
 Storm Form               Tmut/Air       0%         N/A       100%        7
 Discord                  Hex            0%         N/A       100%        8
 Disjunction              Tloc           0%         N/A       100%        8


Dungeon Overview and Level Annotations

Branches:
Dungeon (4/15)
 Temple: D:4-7

Altars:

Shops:
D:3 =

Annotations:
D:4 CorgiPerc's ghost, novice GnGl; PyroL's ghost, amateur OpTm; Splishie's ghost, amateur GnWn


Innate Abilities, Weirdness & Mutations

You are a tree.
Your roots penetrate the ground, keeping you stationary.
You cannot be teleported.
You are immune to unholy pain and torment.
Your maximum health is greatly increased.
Your equipment is partially melded.
You regenerate a little health from kills.
((You are partially covered in sharp spines.))
((You are partially covered in razor-sharp scales. (AC +1, Slay +1)))
((You have a small tail.))


Message History

Splishie's ghost says, "Watch and be amazed!"
Splishie's ghost hits you but does no damage.
CorgiPerc's ghost barely misses you.
PyroL's ghost hits you but does no damage.
Splishie's ghost hits you.
* * * LOW HITPOINT WARNING * * *
Splishie's ghost freezes you.
* * * LOW HITPOINT WARNING * * *
The quokka bites you but does no damage.
Unknown command.
You strike the helpless Splishie's ghost from behind!
You hit Splishie's ghost.
Splishie's ghost is moderately damaged.
The bat hits you but does no damage.
CorgiPerc's ghost hits you but does no damage.
PyroL's ghost ripples.
PyroL's ghost hits you but does no damage.
Splishie's ghost hits you but does no damage.
The quokka bites you but does no damage.
Splishie's ghost shrieks, "You will join me soon!"
Splishie's ghost hits you but does no damage.
PyroL's ghost hits you.
* * * LOW HITPOINT WARNING * * *
Splishie's ghost hits you but does no damage.
CorgiPerc's ghost hits you but does no damage.
Unknown command.
You closely miss Splishie's ghost.
Splishie's ghost is moderately damaged.
The quokka bites you but does no damage.
Splishie's ghost hits you but does no damage.
CorgiPerc's ghost hits you but does no damage.
PyroL's ghost hits you but does no damage.
Splishie's ghost hits you but does no damage.
Unknown command.
You barely miss Splishie's ghost.
Splishie's ghost is moderately damaged.
The quokka bites you but does no damage.
Splishie's ghost hits you but does no damage.
CorgiPerc's ghost barely misses you. Splishie's ghost hits you.
You die...

##...## #........# ##.....##
#........# ##...#...#
##.......# ##...###..#
#.......# ##...##
########.....### # ##...##
####.8.$##..### ## ##....#
#..#....8#### ##.
##.....####.W#....r) ##..
##...........♣Wb....♣ ##..#
##)..#######.rWW.....⌠#####..##
##...## ##.b'.....♣#..#..##
##...## #..#../..$#....##
#...## #..#....8##...##
...###############$8).####..#
..####.........# #####.##.##
#...#.........## #...#..#
##............# #...#..#


You could see CorgiPerc's ghost (unable to see you), PyroL's ghost (unable to
see you), 2 ghosts called Splishie, a river rat (summoned, wandering, unable to
see you), a quokka (summoned, unable to see you) and 2 bats.

Vanquished Creatures
  An ice beast (D:3)
  A kobold brigand (D:4)
  A scorpion (D:4)
  Crazy Yiuf (D:2)
  2 orc priests (D:3)
  Jessica (D:2)
  An iguana (D:4)
  Terence (D:3)
  Natasha (thrice) (D:4)
  4 adders
  2 worms (D:2)
  A dart slug (D:3)
  8 orcs (D:3)
  4 ball pythons
  2 endoplasms
  3 giant cockroaches (D:1)
  5 quokkas
  5 bats
  A frilled lizard (D:2)
  4 goblins
  3 kobolds
  3 rats
  A spectral goblin (D:1)
58 creatures vanquished.

Notes
Turn   | Place    | Note
-------+----------+-------------------------------------------
     0 | D:1      | Demosthentine the Demonspawn Gladiator began the quest for
                  | the Orb.
     0 | D:1      | Reached XP level 1. HP: 16/16 MP: 1/1
   253 | D:1      | Gained mutation: You have a small tail. [demonic ancestry]
   253 | D:1      | Reached XP level 2. HP: 22/22 MP: 2/2
   380 | D:1      | Found a faded altar of an unknown god.
   649 | D:2      | Reached skill level 1 in Armour
   707 | D:2      | Gained mutation: You regenerate a little health from kills.
                  | [demonic ancestry]
   707 | D:2      | Reached XP level 3. HP: 28/28 MP: 3/3
   783 | D:2      | Found a runed translucent door.
   784 | D:2      | Noticed Crazy Yiuf
  1080 | D:2      | Noticed Jessica
  1084 | D:2      | Killed Jessica
  1200 | D:2      | Gained mutation: You are partially covered in sharp spines.
                  | [demonic ancestry]
  1200 | D:2      | Reached XP level 4. HP: 25/34 MP: 4/4
  1606 | D:2      | Killed Crazy Yiuf
  1849 | D:3      | Noticed an ice beast
  1869 | D:3      | Killed an ice beast
  1870 | D:3      | Reached XP level 5. HP: 17/41 MP: 5/5
  2037 | D:3      | Gained mutation: You are partially covered in razor-sharp
                  | scales. (AC +1, Slay +1) [demonic ancestry]
  2037 | D:3      | Reached XP level 6. HP: 39/47 MP: 6/6
  2295 | D:3      | Found Lejieb's Jewellery Boutique.
  2385 | D:3      | Noticed Terence
  2408 | D:3      | Killed Terence
  2903 | D:4      | Noticed Natasha
  2911 | D:4      | Killed Natasha
  3095 | D:4      | Noticed Natasha
  3100 | D:4      | Killed Natasha
  3122 | D:4      | Reached skill level 1 in Shields
  3263 | D:4      | Noticed Natasha
  3270 | D:4      | Killed Natasha
  3357 | D:4      | Found a runed translucent gate.
  3357 | D:4      | Found a runed translucent gate.
  3357 | D:4      | Found a runed translucent gate.
  3359 | D:4      | Noticed Splishie's ghost (amateur GnWn)
  3359 | D:4      | Noticed Splishie's ghost (amateur GnWn)
  3360 | D:4      | Noticed PyroL's ghost (amateur OpTm)
  3360 | D:4      | Noticed CorgiPerc's ghost (novice GnGl)
  3551 | D:4      | Reached XP level 7. HP: 44/54 MP: 7/7
  3820 | D:4      | HP: 2/81 [PyroL's ghost (3)]
  3822 | D:4      | Slain by Splishie's ghost

Illustrated notes

Levels and vault maps discovered:
D:1:      kennysheep_arrival_seaside, layout_basic,
          dreamdust_ecumenical_altar_drowned_temple, minmay_tree_intersection
D:2:      layout_loops_ring, grunt_ministairs_4, nrook_uturn, uniq_jessica,
          uniq_crazy_yiuf_cottage
D:3:      layout_basic, nicolae_overflow_crystal_walls, serial_shops,
          nicolae_shop_hallway_stairs, uniq_terence
D:4:      layout_cave_pods, gammafunk_ghost_cemetery, minmay_misc_feat_pillars,
          st_stairs_6, uniq_natasha

Skill      XL: |  1  2  3  4  5  6 |
---------------+-------------------+-----
Throwing       | 2 |  2.0
Armour         | 1 2 3 |  3.0
Polearms       | 3 4 |  4.2
Dodging        | 3 4 |  4.2
Fighting       | 3 4 |  4.0
Shields        | 1 |  1.4

Action                   |  1- 3 |  4- 6 |  7- 9 || total
-------------------------+-------+-------+-------++-------
Melee: Trident           |    86 |   127 |    22 ||   235
       Tailslap          |     3 |    18 |       ||    21
Throw: Throwing net      |       |     3 |       ||     3
  Use: Scroll            |     4 |     5 |     2 ||    11
       Potion            |       |       |     4 ||     4
 Stab: Sleeping          |     2 |       |       ||     2
       Held in net/web   |       |     1 |       ||     1
       Invisible         |       |       |     4 ||     4
Armor: Leather armour    |    31 |    25 |       ||    56
       Skin              |       |       |   104 ||   104
Dodge: Dodged            |    60 |    47 |     7 ||   114

Table legend: (Time is in decaauts)
 A = Elapsed time spent in this place.
 B = Non-inter-level travel time spent in this place.
 C = Inter-level travel time spent in this place.
 D = Time resting spent in this place.
 E = Time spent auto-exploring this place.
 F = Levels seen in this place.
 G = Mean time per level.
                   A        B        C        D        E       F      G
               +--------+--------+--------+--------+--------+-----+--------+
         Total |   3857 |   3712 |    145 |    139 |   2998 |   4 |  964.2 |
       Dungeon |   3857 |   3712 |    145 |    139 |   2998 |   4 |  964.2 |
               +--------+--------+--------+--------+--------+-----+--------+

Top non-repeatable levels by time:
     D:2: 1149 daAuts
     D:3: 1117 daAuts
     D:4: 960 daAuts
     D:1: 630 daAuts
